 Dungeon Crawl Stone Soup version 0.18.1-50-g88ac8fd (webtiles) character file.

1558 Monkfish the Covert (level 9, -2/52 HPs)
             Began as a Kobold Assassin on Oct 22, 2016.
             Was an Initiate of Dithmenos.
             Shot with an arrow by a centaur (12 damage)
             ... on level 6 of the Dungeon.
             The game lasted 00:17:28 (6539 turns).

Monkfish the Covert (Kobold Assassin)               Turns: 6539, Time: 00:17:29

Health: -2/52      AC:  6    Str: 10    XL:     9   Next: 12%
Magic:  9/9        EV: 14    Int:  9    God:    Dithmenos [......]
Gold:   261        SH:  0    Dex: 20    Spells: 0 memorised, 8 levels left

rFire  . . .     SeeInvis .     b - +2 blowgun
rCold  + . .     Gourm    .     c - +0 robe
rNeg   + . .     Faith    .     (shield restricted)
rPois  .         Spirit   .     m - +1 helmet
rElec  .         Dismiss  .     d - +0 cloak
rCorr  .         Reflect  .     w - +0 pair of gloves
SustAt .         Harm     +     (no boots)
MR     .....                    o - amulet of harm
Stlth  +++++.....               j - ring of protection from cold
                                t - ring of positive energy

@: not resistant to hostile enchantments, quite stealthy
A: carnivore 3
a: Renounce Religion


You were on level 6 of the Dungeon.
You worshipped Dithmenos.
Dithmenos was noncommittal.
You were very full.

You visited 1 branch of the dungeon, and saw 6 of its levels.

You collected 261 gold pieces.

Inventory:

Hand Weapons
 a - a +2 dagger
 b - a +2 blowgun (weapon)
Missiles
 e - 73 poisoned needles (quivered)
 f - 2 curare-tipped needles
Armour
 c - a +0 robe (worn)
 d - a +0 cloak (worn)
 m - a +1 helmet (worn)
 w - a +0 pair of gloves (worn)
Jewellery
 j - a ring of protection from cold (right hand)
 o - an amulet of harm (around neck)
 t - a ring of positive energy (left hand)
Wands
 i - a wand of digging (6/24)
 l - a wand of paralysis (0/24)
 u - a wand of enslavement (12/24)
 A - a wand of paralysis (7/24)
Scrolls
 h - 5 scrolls of remove curse
 y - 2 scrolls of enchant armour
 D - a scroll of magic mapping
 E - a scroll of amnesia
Potions
 r - a potion of mutation
 v - a potion of haste
 x - 3 potions of flight
 C - a potion of resistance
Comestibles
 g - 5 meat rations
 k - a slice of pizza
 q - a royal jelly
 z - 2 beef jerkies


   Skills:
 + Level 4.2 Fighting
 + Level 4.6 Short Blades
 * Level 9.1 Throwing
 - Level 1.2 Dodging
 + Level 9.5 Stealth


You had 8 spell levels left.
You didn't know any spells.

Dungeon Overview and Level Annotations

Branches:
Dungeon (6/15)             Temple (0/1) D:6

Altars:
Ashenzari
Dithmenos
Gozag
Kikubaaqudgha
Makhleb
Nemelex Xobeh
Okawaru
Pakellas
Trog
Yredelemnul

Shops:
D:5 (


Innate Abilities, Weirdness & Mutations

You are small and have problems with some larger weapons.
You are carnivorous and can eat meat at any time.


Message History

Dithmenos accepts your kill.
Your Throwing skill increases to level 9!
You feel sick.
Drink which item? (? for menu, Esc to quit)
You feel better.
There is an open door here.
A centaur comes into view.
The centaur shouts!
The centaur wields a shortbow.
The centaur shoots an arrow.
The arrow misses you.
The centaur shoots an arrow.
The arrow hits you!
You see here an arrow.
The centaur shoots an arrow.
The arrow misses you.
The centaur shoots an arrow.
The arrow hits you!
* * * LOW HITPOINT WARNING * * *
You see here 2 arrows.
Wield which item (- for none, * to show all)? (? for menu, Esc to quit)
b - a +2 blowgun (weapon)
The centaur shoots an arrow.
The arrow hits you!
You die...

#.....##########
#.....+.....(..#
#.....#........#
#.....#........#
#.....#.c.@....#
#.....#.......(#
#.....###.####.#
#.......#.####.#
#.......'........
#.......#........
#.......#.8.#.....
#######............####
..............8.>.8..


You could see a centaur.

Vanquished Creatures
  The ghost of varam the Ruffian, an amateur TrMo of Trog (D:5)
  A water moccasin (D:6)
  A sky beast (D:5)
  An ice beast (D:6)
  2 ogres (D:4)
  A giant frog (D:5)
  2 wights (D:6)
  A jelly (D:5)
  5 orc wizards
  2 orc priests
  2 hounds (D:4)
  Jessica (D:2)
  An iguana (D:5)
  8 worker ants
  A gnoll (D:1)
  A howler monkey skeleton (D:4)
  6 adders
  A shadow imp (D:5)
  An adder skeleton (D:4)
  2 worms (D:4)
  A dart slug (D:2)
  5 giant geckos
  18 orcs
  7 giant cockroaches
  7 goblins
  4 hobgoblins
  6 jackals
  2 quokkas
  10 bats
  A giant gecko zombie (D:5)
  3 giant newts
  9 kobolds
  11 rats
  A spectral orc (D:5)
  A withered plant (D:3)
127 creatures vanquished.

Notes
Turn   | Place    | Note
--------------------------------------------------------------
     0 | D:1      | Monkfish the Kobold Assassin began the quest for the Orb.
     0 | D:1      | Reached XP level 1. HP: 12/12 MP: 1/1
   192 | D:1      | Reached XP level 2. HP: 7/17 MP: 2/2
   729 | D:1      | Reached XP level 3. HP: 13/21 MP: 3/3
  1259 | D:2      | Reached XP level 4. HP: 27/27 MP: 4/4
  1489 | D:2      | Found an iron altar of Okawaru.
  1724 | D:2      | Noticed Jessica
  1730 | D:2      | Killed Jessica
  1803 | D:2      | Reached XP level 5. HP: 31/31 MP: 5/5
  1976 | D:3      | Found a bloodstained altar of Trog.
  2059 | D:3      | Found an ancient bone altar of Kikubaaqudgha.
  2300 | D:3      | Found an opulent altar of Gozag.
  2351 | D:3      | Found an oddly glowing altar of Pakellas.
  3077 | D:4      | Noticed an ogre
  3080 | D:4      | Killed an ogre
  3080 | D:4      | Reached XP level 6. HP: 36/36 MP: 6/6
  3103 | D:4      | Found a sparkling altar of Nemelex Xobeh.
  3226 | D:4      | Found a shattered altar of Ashenzari.
  3641 | D:4      | Noticed an ogre
  3685 | D:4      | Killed an ogre
  3685 | D:4      | Reached skill level 5 in Throwing
  3685 | D:4      | Reached XP level 7. HP: 40/40 MP: 7/7
  4495 | D:5      | Entered Level 5 of the Dungeon
  5110 | D:5      | Reached XP level 8. HP: 46/46 MP: 8/8
  5158 | D:5      | Found a burning altar of Makhleb.
  5162 | D:5      | Noticed varam's ghost (amateur TrMo)
  5674 | D:5      | Killed varam's ghost
  5685 | D:5      | Found Gaqoo's Antique Weapon Emporium.
  5940 | D:5      | Found a basalt altar of Yredelemnul.
  6075 | D:6      | Found a shadowy altar of Dithmenos.
  6091 | D:6      | Became a worshipper of Dithmenos the Shadowed
  6490 | D:6      | Reached XP level 9. HP: 52/52 MP: 9/9
  6491 | D:6      | Found a staircase to the Ecumenical Temple.
  6539 | D:6      | Shot with an arrow by a centaur

Skill      XL: |  1  2  3  4  5  6  7  8  9 |
---------------+----------------------------+-----
Stealth        | 6 7 8 9 |  9.5
Throwing       | 3 4 5 6 8 9 |  9.1
Short Blades   | 3 4 |  4.6
Fighting       | 3 4 |  4.2
Dodging        | |  1.2

Action                   |  1- 3 |  4- 6 |  7- 9 || total
-------------------------+-------+-------+-------++-------
Melee: Dagger            |    61 |   234 |   146 ||   441
       Blowgun           |       |       |     3 ||     3
 Fire: Blowgun           |    19 |    36 |    72 ||   127
Evoke: Wand              |       |       |     4 ||     4
  Use: Scroll            |     4 |     7 |     5 ||    16
       Potion            |     2 |     6 |     5 ||    13
 Stab: Sleeping          |     5 |    12 |    11 ||    28
       Paralysed         |       |       |     4 ||     4
  Eat: Chunk             |     7 |     3 |     9 ||    19
       Meat ration       |       |     1 |       ||     1
Armor: Robe              |    14 |    46 |    33 ||    93
Dodge: Dodged            |    43 |    86 |    80 ||   209
